 Dungeon Crawl Stone Soup version 0.27-a0-333-gfa571bf19a (webtiles) character file.

Game seed: 13149871232044100769

1215 wakim the Skirmisher (level 8, 0/74 HPs)
             Began as a Minotaur Fighter on Feb 12, 2021.
             Slain by an orc warrior
             ... wielding a +0 glaive
              (18 damage)
             ... on level 7 of the Dungeon.
             The game lasted 00:11:40 (4314 turns).

wakim the Skirmisher (Minotaur Fighter)             Turns: 4314, Time: 00:11:41

Health: 0/74       AC: 12    Str: 23    XL:     8   Next: 22%
Magic:  7/7        EV:  8    Int:  5    God:
Gold:   266        SH: 10    Dex: 10    Spells: 7/7 levels left

rFire    . . .     SeeInvis .   a - +0 flail
rCold    . . .     Faith    .   c - +0 kite shield
rNeg     . . .     Spirit   .   b - +0 scale mail
rPois    .         Reflect  .   e - +2 hat
rElec    .         Harm     .   j - +0 cloak
rCorr    .         Rampage  .   v - +0 pair of gloves
Will     .....                  (no boots)
Stlth    ..........             (no amulet)
HPRegen  0.22/turn              q - ring of flight
MPRegen  0.10/turn              (no ring)

@: no status effects
A: retaliatory headbutt, horns 2
a: Evoke Flight


You were on level 7 of the Dungeon.
You visited 1 branch of the dungeon, and saw 6 of its levels.

You collected 266 gold pieces.

Inventory:

Hand Weapons
 a - a +0 flail (weapon)
Missiles
 i - 17 poisoned darts (quivered)
 s - 3 curare-tipped darts
Armour
 b - a +0 scale mail (worn)
 c - a +0 kite shield (worn)
 e - a +2 hat (worn)
 j - a +0 cloak (worn)
 v - a +0 pair of gloves (worn)
Jewellery
 q - a ring of flight (left hand)
 w - a ring of protection from fire {unknown}
Scrolls
 g - 4 scrolls of identify {unknown}
 h - a scroll of enchant armour {unknown}
 l - 2 scrolls of fear {unknown}
 o - a scroll of blinking {unknown}
 p - 3 scrolls of immolation {unknown}
 u - 2 scrolls of amnesia {unknown}
 x - a scroll of teleportation {unknown}
Potions
 d - a potion of might
 f - 3 potions of heal wounds {unknown}
 k - a potion of attraction {unknown}
 m - 3 potions of curing
 n - 2 potions of ambrosia {unknown}
 r - a potion of cancellation {unknown}
 t - a potion of haste {unknown}


   Skills:
 * Level 7.8 Fighting
 + Level 5.5 Maces & Flails
 * Level 7.4 Armour
 + Level 6.0 Shields


You had 7 spell levels left.
You didn't know any spells.
Your spell library was empty.

Dungeon Overview and Level Annotations

Branches:
Dungeon (7/15)
 Temple: D:4-7

Altars:
Fedhas
Okawaru
Qazlal
Vehumet


Innate Abilities, Weirdness & Mutations

You reflexively headbutt those who attack you in melee.
You have a pair of horns on your head.


Message History

You feel sick. The hound skeleton barely misses you.
You see here a quokka corpse.
You feel sick.
You feel sick.
You feel sick.
You feel sick.
The hound skeleton bites you but does no damage.
You feel sick.
The orc wizard casts a spell at itself.
The orc wizard flickers and vanishes!
Deactivating autopickup; reactivate with Ctrl-A.
You feel sick. You block the hound skeleton's attack.
You feel sick.
You feel sick.
The hound skeleton bites you but does no damage.
You feel sick.
You feel sick. You block the hound skeleton's attack.
You feel sick.
Things that are here:
a +0 shortbow; 13 arrows; a centaur skeleton The hound skeleton bites you.
* * * LOW HITPOINT WARNING * * *
There is a stone staircase leading down here.
You feel sick. The hound skeleton bites you.
* * * LOW HITPOINT WARNING * * *
You climb downwards.
Reactivating autopickup.
The orc shouts!
The hound barely misses you. You furiously retaliate!
You headbutt the hound.
An orc comes into view. It is wielding a +0 trident.
The hound closely misses you.
The orc moves out of view.
There is a stone staircase leading up here.
You completely miss the hound. Your headbutt misses the hound.
The hound is lightly wounded.
You feel sick. The hound bites you.
* * * LOW HITPOINT WARNING * * *
You block the hound's attack.
You feel better. You block the hound's attack.
The orc warrior hits you from afar with a +0 glaive!!
You die...

#.#.###.#..##....
#...........#o..#
#.#.#รท#...#.#.##
#...#.#...o....#
#.#............
#.........#o#. .
##.####..o...#...
#.........h......
##.......@.......
#...#.#....##...
#...#.#....## ..
#...#.#.....####
#...#.#.......##
#.....#.#......#+###
#.#.
#.>...#.#..#.......#
#...
###......<...#.......#
#...
#............+.......#
#...


You could see an orc warrior, a hound, an orc wizard and 2 orcs.

Vanquished Creatures
  An orc warrior (D:6)
  2 ogres
  2 centaurs
  A phantom (D:6)
  2 bullfrogs (D:7)
  A scorpion (D:3)
  5 wights (D:7)
  2 centaur skeletons
  2 orc wizards (D:3)
  Robin (D:2)
  4 adders
  2 shadow imps
  A white imp (D:3)
  2 ufetubi
  3 worms
  A dart slug (D:2)
  2 leopard geckos
  24 orcs
  8 bats
  5 giant cockroaches
  10 goblins
  9 hobgoblins
  12 jackals
  11 kobolds
  3 quokkas
  2 ball pythons
  2 frilled lizards (D:1)
  11 rats
131 creatures vanquished.

Vanquished Creatures (others)
  A goblin (D:2)
  7 fungi (D:2)
  A plant (D:2)
9 creatures vanquished.

Grand Total: 140 creatures vanquished

Notes
Turn   | Place    | Note
-------+----------+-------------------------------------------
     0 | D:1      | wakim the Minotaur Fighter began the quest for the Orb.
     0 | D:1      | Reached XP level 1. HP: 19/19 MP: 0/0
   138 | D:1      | Reached XP level 2. HP: 25/27 MP: 1/1
   513 | D:2      | Reached XP level 3. HP: 26/33 MP: 2/2
   715 | D:2      | Found a blossoming altar of Fedhas.
   715 | D:2      | Noticed Robin
   767 | D:2      | Killed Robin
  1449 | D:2      | Reached XP level 4. HP: 41/41 MP: 3/3
  1620 | D:2      | Found a stormy altar of Qazlal.
  1991 | D:3      | Reached skill level 5 in Fighting
  2214 | D:3      | Reached XP level 5. HP: 48/48 MP: 4/4
  2550 | D:3      | Found an iron altar of Okawaru.
  2811 | D:4      | Found a radiant altar of Vehumet.
  3055 | D:3      | Reached skill level 5 in Armour
  3063 | D:3      | Reached XP level 6. HP: 29/57 MP: 5/5
  3357 | D:4      | You fall into a shaft and drop 3 floors!
  3505 | D:7      | Reached skill level 5 in Shields
  3521 | D:7      | Reached XP level 7. HP: 44/64 MP: 6/6
  3903 | D:7      | Reached skill level 5 in Maces & Flails
  4003 | D:6      | Reached XP level 8. HP: 30/73 MP: 7/7
  4314 | D:7      | Slain by an orc warrior

Illustrated notes

Levels and vault maps discovered:
D:1:      minmay_arrival_hallway, layout_basic
D:2:      layout_loops_corners, fedhas_altar_3, nicolae_qazlal_eye_of_the_storm,
          uniq_robin
D:3:      layout_basic, overflow_temple_1_default, kennysheep_cross_bottleneck,
          minmay_bisected
D:4:      layout_cave_pools, kennysheep_mini
D:6:      layout_basic, general_overflow_altar, elyvilon_altar_3,
          grunt_dithmenos_shadows, nemelex_altar_shiori, basic_altar
D:7:      layout_basic, serial_shops, shop, uniq_joseph

Skill      XL: |  1  2  3  4  5  6  7  8 |
---------------+-------------------------+-----
Fighting       | 4 5 6 7 |  7.8
Maces & Flails | 3 4 5 |  5.5
Shields        | 4 5 6 |  6.0
Armour         | 4 5 7 |  7.4

Action                   |  1- 3 |  4- 6 |  7- 9 || total
-------------------------+-------+-------+-------++-------
Melee: Flail             |   113 |   187 |    68 ||   368
       Headbutt          |    20 |    35 |    11 ||    66
  Use: Potion            |       |       |     1 ||     1
Armor: Scale mail        |    74 |    93 |    31 ||   198
Dodge: Dodged            |    45 |    59 |    28 ||   132
Block: Kite shield       |    72 |   104 |    41 ||   217

Table legend: (Time is in decaauts)
 A = Elapsed time spent in this place.
 B = Non-inter-level travel time spent in this place.
 C = Inter-level travel time spent in this place.
 D = Time resting spent in this place.
 E = Time spent auto-exploring this place.
 F = Levels seen in this place.
 G = Mean time per level.
                   A        B        C        D        E       F      G
               +--------+--------+--------+--------+--------+-----+--------+
         Total |   4469 |   4373 |     96 |   1768 |   1509 |   6 |  744.8 |
       Dungeon |   4469 |   4373 |     96 |   1768 |   1509 |   6 |  744.8 |
               +--------+--------+--------+--------+--------+-----+--------+

Top non-repeatable levels by time:
     D:2: 1439 daAuts
     D:3: 1417 daAuts
     D:7: 640 daAuts
     D:1: 528 daAuts
     D:6: 350 daAuts
     D:4: 92 daAuts
